 Dungeon Crawl Stone Soup version 0.29-a0-998-g1987434951 (webtiles) character file.

Game seed: 13193253244162295586

28 xian the Shooter (level 3, -4/28 HPs)
             Began as a Formicid Hunter on Aug 5, 2022.
             Slain by an orc
             ... wielding a +0 club
              (5 damage)
             ... on level 3 of the Dungeon.
             The game lasted 00:03:21 (1169 turns).

xian the Shooter (Formicid Hunter)                  Turns: 1169, Time: 00:03:22

Health: -4/28      AC:  3    Str: 15    XL:     3   Next: 30%
Magic:  3/3        EV: 12    Int:  8    God:
Gold:   68         SH:  0    Dex: 19    Spells: 2/2 levels left

rFire   . . .      SeeInvis +   a - +0 shortbow
rCold   . . .      Faith    .   (no shield)
rNeg    . . .      Spirit   .   c - +0 leather armour
rPois   .          Reflect  .   (helmet unavailable)
rElec   .          Harm     .   (no cloak)
rCorr   .          Rampage  .   (no gloves)
Will    .....                   (no boots)
Stlth   ++........              (no amulet)
HPRegen 0.09/turn               (no ring)
MPRegen 0.08/turn               (no ring)

@: no status effects
A: permanent stasis, dig shafts and tunnels, antennae 3, four strong arms
a: Dig, Shaft Self


You were on level 3 of the Dungeon.
You visited 1 branch of the dungeon, and saw 4 of its levels.

You collected 68 gold pieces.

Inventory:

Hand Weapons
 a - a +0 shortbow (weapon)
 f - a +0 falchion
Armour
 c - a +0 leather armour (worn)
Scrolls
 b - a scroll of immolation
 d - a scroll of enchant armour {unknown}
 i - a scroll of identify {unknown}
Potions
 e - 3 potions of haste {unknown}
 g - a potion of heal wounds {unknown}
 h - a potion of curing {unknown}


   Skills:
 + Level 2.3 Fighting
 + Level 4.8 Ranged Weapons
 + Level 0.1 Armour
 + Level 1.8 Dodging
 + Level 1.2 Stealth


You had 2 spell levels left.
You didn't know any spells.
Your spell library was empty.

Dungeon Overview and Level Annotations

Branches:
Dungeon (4/15)
 Temple: D:4-7

Altars:

Shops:
D:4 [


Innate Abilities, Weirdness & Mutations

You cannot be hasted, slowed, berserked, paralysed or teleported.
You can dig through walls and to a lower floor.
You have a pair of large antennae on your head. (SInv)
Your four strong arms can wield two-handed weapons with a shield.


Message History

The ball python hisses angrily.
An orc comes into view. It is wielding a +0 whip.
You shoot an arrow. The arrow hits the frilled lizard.
You kill the frilled lizard!
You shoot an arrow. The arrow closely misses the orc.
You shoot an arrow. The arrow hits the orc.
The orc is moderately wounded.
The orc hits you with a +0 club.
Fire: a) +0 shortbow
Press: ? - help, Q - select action, (/) - cycle Shift-Dir - straight line, f - ball python, p - orc
Aim: a ball python (61% to hit)
You shoot an arrow.
The arrow closely misses the ball python.
The arrow hits the orc.
The orc is moderately wounded.
The ball python closely misses you. The ball python misses you.
The orc hits you with a +0 club. The ball python closely misses you.
The ball python misses you.
Fire: a) +0 shortbow
Press: ? - help, Q - select action, (/) - cycle Shift-Dir - straight line, f/p - ball python
Aim: a ball python (61% to hit)
You shoot an arrow.
The arrow closely misses the ball python.
The orc misses you. The orc hits you with a +0 club.
The ball python barely misses you. x2
You can't go up here!
The ball python barely misses you. The ball python grabs you.
You stop descending the stairs.
The ball python constricts you. The orc hits you with a +0 flail!
Unknown command.
You escape the ball python's grasp.
The orc barely misses you. The orc hits you with a +0 flail.
* * * LOW HITPOINT WARNING * * *
The orc hits you with a +0 whip.
* * * LOW HITPOINT WARNING * * *
The ball python bites you but does no damage.
The ball python grabs you.
You stop descending the stairs.
The ball python constricts you.
You escape the ball python's grasp.
The orc hits you with a +0 club.
You die...

#..$...# ..
#......# ...
#......# ....
#......###...#
+...........$#
#.....o.......
###..oSo......
#....o@.......
#.#...........
#...........
#...........
#...........
#...........
#.......##..
#.......# ##


You could see 4 orcs and a ball python.

Vanquished Creatures
  3 ball pythons (D:2)
  3 giant cockroaches (D:1)
  A goblin (D:1)
  A hobgoblin (D:1)
  4 jackals
  4 kobolds (D:1)
  A quokka (D:1)
  3 bats (D:1)
  4 frilled lizards
  2 rats
26 creatures vanquished.

Notes
Turn   | Place    | Note
-------+----------+-------------------------------------------
     0 | D:1      | xian the Formicid Hunter began the quest for the Orb.
     0 | D:1      | Reached XP level 1. HP: 16/16 MP: 1/1
   211 | D:1      | Reached XP level 2. HP: 22/22 MP: 2/2
   750 | D:2      | Reached XP level 3. HP: 20/27 MP: 3/3
   863 | D:2      | You fall into a shaft and drop 2 floors!
  1125 | D:4      | Found Egaotico's Armour Emporium.
  1168 | D:3      | HP: 1/28 [orc/+0 whip (5)]
  1169 | D:3      | Slain by an orc

Illustrated notes

Levels and vault maps discovered:
D:1:      nzn_arrival_settlement, layout_basic, minmay_misc_feat_columns
D:2:      layout_rooms, shapermc_ecumenical_altar_mp_ritualfount,
          minmay_shallow_snake_nest
D:3:      layout_basic, uniq_sigmund
D:4:      layout_basic, makhleb_blood_cavern_becter, temple_statues,
          serial_shops, shop, serial_forest, infiniplex_forest_diagonal,
          infiniplex_forest_pool, infiniplex_forest_lined_room_,
          infiniplex_forest_lined_4_way, infiniplex_forest_clump_tiny,
          infiniplex_forest_join, infiniplex_forest_clump_tiny,
          infiniplex_forest_zigzag_1, eino_small_chamber_without_monster,
          uniq_natasha

Action                   || total
-------------------------++-------
 Fire: Shortbow          ||    74
 Abil: Dig               ||     6
Armor: Leather armour    ||    15
Dodge: Dodged            ||    33

Table legend: (Time is in decaauts)
 A = Elapsed time spent in this place.
 B = Non-inter-level travel time spent in this place.
 C = Inter-level travel time spent in this place.
 D = Time resting spent in this place.
 E = Time spent auto-exploring this place.
 F = Levels seen in this place.
 G = Mean time per level.
                   A        B        C        D        E       F      G
               +--------+--------+--------+--------+--------+-----+--------+
         Total |   1193 |   1160 |     33 |      0 |    834 |   4 |  298.2 |
       Dungeon |   1193 |   1160 |     33 |      0 |    834 |   4 |  298.2 |
               +--------+--------+--------+--------+--------+-----+--------+

Top non-repeatable levels by time:
     D:1: 729 daAuts
     D:4: 274 daAuts
     D:2: 149 daAuts
     D:3: 39 daAuts
